 Dungeon Crawl Stone Soup version 0.29.1-4-g47bece8355 (webtiles) character file.

Game seed: 4935695392194052813

146 concernfroge the Trooper (level 5, -8/46 HPs)
             Began as a Mummy Monk on Dec 4, 2022.
             Was a Follower of Cheibriados.
             Killed by divine providence
             ... invoked by an orc priest
              (11 damage)
             ... on level 3 of the Dungeon.
             The game lasted 00:08:07 (2595 turns).

concernfroge the Trooper (Mummy Monk)               Turns: 2595, Time: 00:08:08

Health: -8/46      AC:  7    Str: 17    XL:     5   Next: 7%
Magic:  0/5        EV: 12    Int: 12    God:    Cheibriados [*.....]
Gold:   64         SH:  0    Dex: 20    Spells: 4/4 levels left

rFire   x . .      SeeInvis .   f - +0 sling (flame)
rCold   + . .      Faith    .   (no shield)
rNeg    + + +      Spirit   +   g - +2 leather armour {rPois}
rPois   ∞          Reflect  .   (no helmet)
rElec   .          Harm     .   (no cloak)
rCorr   .          Rampage  .   i - +0 pair of gloves
Will    .....                   c - +0 pair of boots
Stlth   ++........              j - amulet of guardian spirit
HPRegen 0.15/turn               (no ring)
MPRegen 0.09/turn               (no ring)

@: very slow
A: cold resistance 1, negative energy resistance 3, torment resistance 2, heat
vulnerability 1, in touch with death 1, no potions
a: Renounce Religion, Bend Time


You were on level 3 of the Dungeon.
You worshipped Cheibriados.
Cheibriados was aware of your devotion.
You visited 1 branch of the dungeon, and saw 4 of its levels.

You collected 140 gold pieces.
You spent 76 gold pieces at shops.

Inventory:

Hand Weapons
 f - a +0 sling of flaming (weapon)
Missiles
 e - 2 javelins
Armour
 c - a +0 pair of boots (worn)
 g - a +2 leather armour of poison resistance (worn)
 i - a +0 pair of gloves (worn)
Jewellery
 j - an amulet of guardian spirit (around neck)
Scrolls
 a - a scroll of noise
 b - a scroll of silence
 d - a scroll of identify


   Skills:
 + Level 5.8 Fighting
 - Level 2.4 Polearms
 - Level 2.4 Dodging
 - Level 1.5 Stealth


You had 4 spell levels left.
You didn't know any spells.
Your spell library contained the following spells:

 Spells                   Type           Power      Damage    Failure   Level
 Summon Guardian Golem    Hex/Summ       0%         N/A       77%         3
 Orb of Destruction       Conj           0%         9d5       100%        7
 Spellforged Servitor     Conj/Summ      0%         N/A       100%        7


Dungeon Overview and Level Annotations

Branches:
Dungeon (4/15)
 Temple: D:4-7

Altars:
Cheibriados

Shops:
D:1 [


Innate Abilities, Weirdness & Mutations

You are immune to poison.
Your flesh is cold resistant. (rC+)
You are immune to negative energy. (rN+++)
You are immune to unholy pain and torment.
You are vulnerable to heat. (rF-)
You are in touch with the powers of death.
You do not drink.


Message History

Okay, then.
Okay, then.
Fire: f) +0 sling (flame)
Press: ? - help, Q - select action, (/) - cycle Shift-Dir - straight line, f/p - orc priest
Aim: an orc priest, wielding a +0 flail (62% to hit)
You shoot a sling bullet. The sling bullet barely misses the orc.
The sling bullet hits the orc priest.
The sling bullet burns the orc priest.
The orc priest is heavily wounded.
The orc hits you but does no damage.
Fire: f) +0 sling (flame)
Press: ? - help, Q - select action, (/) - cycle Shift-Dir - straight line, f/p - orc priest
Aim: an orc priest, wielding a +0 flail (heavily wounded, 62% to hit)
You shoot a sling bullet.
The sling bullet hits the orc but does no damage.
The orc hits you with a +0 morningstar.
* * * LOW HITPOINT WARNING * * *
Fire: f) +0 sling (flame)
Press: ? - help, Q - select action, (/) - cycle Shift-Dir - straight line, f/p - orc priest
Aim: an orc priest, wielding a +0 flail (heavily wounded, 62% to hit)
You shoot a sling bullet.
The sling bullet closely misses the orc.
The sling bullet hits the orc priest.
The sling bullet burns the orc priest.
The orc priest is severely wounded.
The orc closely misses you. The orc barely misses you.
Fire: f) +0 sling (flame)
Press: ? - help, Q - select action, (/) - cycle Shift-Dir - straight line, f/p - orc priest
Aim: an orc priest, wielding a +0 flail (severely wounded, 62% to hit)
You shoot a sling bullet. The sling bullet barely misses the orc.
The sling bullet hits the orc priest.
The sling bullet burns the orc priest.
The orc priest is almost dead.
The orc closely misses you.
The orc priest calls down the wrath of Beogh upon you.
Beogh smites you!
* * * LOW HITPOINT WARNING * * *
Okay, then.
The orc priest invokes the aid of Beogh against you.
Beogh smites you!
You die...

###.##.......# #.....#
..........##.# ####.....####
###.##....##.## #...........#
#..##.#.#...######...........##
##.##........(...o....._.....$.
#.###..#...##o..............#.
#.# #..##.###o###...........#
#.# #..#### #o# ####.....###..
#.###..####.#@# #.....# #
#.............# #.....#
#####.#####.### ###.### #.# #.
#.# #.# # .# #.# .# #.. ###


You could see an orc priest and 2 orcs.

Vanquished Creatures
  A hound (D:3)
  An iron imp (D:3)
  4 adders
  A worm (D:2)
  3 dart slugs
  2 ball pythons (D:3)
  4 endoplasms (D:1)
  2 giant cockroaches (D:2)
  5 goblins
  6 hobgoblins
  A jackal (D:2)
  3 kobolds
  A quokka (D:3)
  5 bats
  A frilled lizard (D:1)
  3 rats
43 creatures vanquished.

Vanquished Creatures (others)
  11 plants (D:4)
11 creatures vanquished.

Grand Total: 54 creatures vanquished

Notes
Turn   | Place    | Note
-------+----------+-------------------------------------------
     0 | D:1      | concernfroge the Mummy Monk began the quest for the Orb.
     0 | D:1      | Reached XP level 1. HP: 18/18 MP: 1/1
   155 | D:1      | Reached XP level 2. HP: 8/24 MP: 2/2
   728 | D:1      | Found Xevvumue's Antique Armour Shop.
   805 | D:1      | Reached skill level 4 in Fighting
  1118 | D:1      | Gained mutation: You are in touch with the powers of death.
                  | [Mummy growth]
  1118 | D:1      | Reached XP level 3. HP: 30/30 MP: 3/3
  1960 | D:1      | Bought a pair of gloves for 76 gold pieces
  2017 | D:3      | Reached skill level 5 in Fighting
  2017 | D:3      | Reached XP level 4. HP: 33/39 MP: 2/4
  2110 | D:3      | Found a snail-covered altar of Cheibriados.
  2406 | D:3      | Found a faded altar of an unknown god.
  2541 | D:4      | Noticed a phantom
  2576 | D:3      | Became a worshipper of Cheibriados the Contemplative
  2576 | D:3      | Reached * piety under Cheibriados
  2576 | D:3      | Reached ** piety under Cheibriados
  2591 | D:3      | Reached XP level 5. HP: 13/46 MP: 1/5
  2595 | D:3      | Killed from afar by an orc priest

Illustrated notes

Levels and vault maps discovered:
D:1:      mrwooster_arrival_arrow, layout_basic, serial_shops,
          nicolae_shop_statue_plus, kennysheep_minor_cross, minmay_pentomino_q4
D:2:      layout_rooms, kennysheep_generic_room_2
D:3:      layout_loops_ring, gammafunk_temple_overflow_arena, slow_altar_1,
          basic_ecumenical_altar, minmay_misc_feat_plants
D:4:      minmay_door_path, layout_loops_ring, enter_ossuary_5, st_stairs_11,
          serial_bayou_lake_a

Skill      XL: |  1  2  3 |
---------------+----------+-----
Fighting       | 4 5 |  5.8
Polearms       | |  2.4
Dodging        | |  2.4
Stealth        | |  1.5

Action                   |  1- 3 |  4- 6 || total
-------------------------+-------+-------++-------
Melee: Spear             |    46 |       ||    46
 Fire: Sling             |    70 |    64 ||   134
Invok: Bend Time         |       |     1 ||     1
  Use: Scroll            |     3 |     2 ||     5
Armor: Chain mail        |    27 |       ||    27
       Leather armour    |    15 |    35 ||    50
Dodge: Dodged            |    31 |    61 ||    92
